AoeStats
← Hitokirivan

Arena

510327540Analyzed
2v2 RM · 3d ago on Sep 30, 2026· 25m 42s· 4 players
Game mode
Random Map
Map size
Medium (4 player)
Population
200
Speed
Normal
Resources
Standard
Victory
Conquest
Starting age
Dark Age
Ending age
Imperial Age
RankedLock teamsTeams togetherTeam positionsShared explorationLock speedFull tech treeHidden civsTurbo modeCheats
Victory
Defeat
🇻🇳 Romans · Vietnam
1177
+12
🇻🇳 Teutons · Vietnam
1155
+13
🇵🇪 Cumans · Peru
1150
-15
🇵🇪 Huns · Peru
1034
-10
Xin đừng đánh em
10:33 Feudal Age
11:34 Loom
15:10 Castle Age
13:24 Man-at-Arms
15:01 Double-Bit Axe
Nghĩa Phan Xá
10:05 Feudal Age
10:32 Loom
11:59 Double-Bit Axe
14:25 Castle Age
12:14 Horse Collar
15:04 Man-at-Arms
15:50 Long Swordsman
17:22 Gold Mining
18:40 Bow Saw
19:49 Scale Mail Armor
23:40 Heavy Plow
24:53 Chain Mail Armor
RafaelKubo
4:15 Loom
9:16 Feudal Age
9:54 Double-Bit Axe
10:28 Loom
22:04 Bloodlines
Hitokirivan
7:21 Loom
9:25 Feudal Age
11:18 Double-Bit Axe
14:43 Fletching
17:35 Padded Archer Armor
17:33 Horse Collar
21:11 Castle Age
21:21 Crossbowman
Connection lost

Rejoining the realm…

Still unreachable

The connection could not be restored.

Session expired

The server has moved on; the page needs a fresh start.